 Dungeon Crawl Stone Soup version 0.30.0-29-ga12c61a403 (webtiles) character file.

Game seed: 15666942327079827103

13059 Graphine the Fiendish (level 11, -15/89 HPs)
             Began as a Demonspawn Monk on June 21, 2023.
             Was a Priest of Makhleb.
             Demolished by an ogre
             ... wielding a +0 giant club
              (16 damage)
             ... while paralysed by an ogre mage
             ... on level 1 of the Orcish Mines.
             The game lasted 00:22:28 (7916 turns).

Graphine the Fiendish (Demonspawn Monk)             Turns: 7916, Time: 00:22:29

Health: -15/89     AC: 10    Str: 15    XL:     11   Next: 70%
Magic:  19/19      EV:  2    Int:  9    God:    Makhleb [***...]
Gold:   964        SH:  0    Dex: 22    Spells: 10/10 levels left

rFire   . . .        E - +2 scimitar (flame)
rCold   + . .        b - +2 buckler of the Hippo {Str+3 Int-3 Dex+3}
rNeg    . . .        g - +0 troll leather armour
rPois   .            p - +0 helmet
rElec   .            (cloak unavailable)
rCorr   .            q - +2 pair of gloves
SInv    .            l - +0 pair of boots
Will    .....        k - amulet of reflection
Stlth   ++           h - ring of protection from cold
HPRegen 4.14/turn    (no ring)
MPRegen 0.16/turn

%: reflection
@: paralysed
A: large bone plates 2, ignite blood 2, powered by death 2, weakness stinger 3
a: Renounce Religion, Minor Destruction, Lesser Servant of Makhleb


You were on level 1 of the Orcish Mines.
You worshipped Makhleb.
Makhleb was most pleased with you.
You visited 3 branches of the dungeon, and saw 12 of its levels.

You collected 964 gold pieces.

Inventory:

Hand Weapons
 z - a +3 sling of freezing
 E - a +2 scimitar of flaming (weapon)
Missiles
 d - 6 boomerangs of dispersal
 j - 2 javelins
Armour
 b - the +2 buckler of the Hippo (worn) {Str+3 Int-3 Dex+3}
   (You acquired it on level 4 of the Dungeon)

   Str:       It affects your strength (+3).
   Int:       It affects your intelligence (-3).
   Dex:       It affects your dexterity (+3).
 g - a +0 troll leather armour (worn)
 l - a +0 pair of boots (worn)
 m - a +2 leather armour of cold resistance
 p - a +0 helmet (worn)
 q - a +2 pair of gloves (worn)
 t - a +1 cloak
Jewellery
 h - a ring of protection from cold (left hand)
 k - an amulet of reflection (around neck)
Wands
 y - a wand of polymorph (15)
 A - a wand of flame (13)
Scrolls
 e - a scroll of identify
 f - a scroll of fear
 i - a scroll of butterflies
 n - 4 scrolls of vulnerability
 x - 3 scrolls of magic mapping
 B - 2 scrolls of teleportation
 C - a scroll of immolation
Potions
 c - 2 potions of lignification
 o - 4 potions of brilliance
 r - a potion of magic
 s - a potion of mutation
 u - a potion of might {unknown}
 v - a potion of degeneration {unknown}
 w - a potion of haste
 D - a potion of attraction {unknown}


   Skills:
 + Level 9.4 Fighting
 + Level 8.5 Long Blades
 - Level 4.0 Armour
 + Level 8.7 Dodging
 - Level 5.0 Shields
 + Level 11.3 Invocations


You had 10 spell levels left.
You didn't know any spells.
Your spell library contained the following spells:

 Spells                   Type           Power      Damage    Failure   Level
 Slow                     Hex            0%         N/A       54%         1
 Sting                    Tmut/Pois      0%         1d3       54%         1
 Summon Small Mammal      Summ           0%         N/A       54%         1
 Ensorcelled Hibernation  Hex/Ice        0%         N/A       67%         2
 Poisonous Vapours        Pois/Air       0%         N/A       67%         2
 Call Canine Familiar     Summ           0%         N/A       88%         3
 Confusing Touch          Hex            0%         N/A       88%         3
 Gell's Gravitas          Tloc           0%         N/A       88%         3
 Spider Form              Tmut/Pois      0%         N/A       88%         3
 Summon Guardian Golem    Hex/Summ       0%         N/A       88%         3
 Teleport Other           Tloc           0%         N/A       88%         3
 Vampiric Draining        Necr           0%         2d6       88%         3
 Anguish                  Hex/Necr       0%         N/A       99%         4
 Olgreb's Toxic Radiance  Pois           0%         N/A       99%         4
 Dispersal                Tloc           0%         N/A       100%        6


Dungeon Overview and Level Annotations

Branches:
Dungeon (9/15)             Temple (1/1) D:7             Orc (2/2) D:9
   Lair: D:8-11         Elf: Orc:2

Altars:
Cheibriados
Dithmenos
Gozag
Hepliaklqana
Kikubaaqudgha
Makhleb
Nemelex Xobeh
Okawaru
Sif Muna
Uskayaw
Yredelemnul

Shops:
Orc:1 :

Portals:
Abyss: D:5

Annotations:
D:8 exclusion: ice statue


Innate Abilities, Weirdness & Mutations

You are mostly covered in large bone plates. (SH +6)
Your demonic aura often causes spilled blood to erupt in flames.
You regenerate health from kills.
You have a sharp stinger which inflicts weakening toxins.


Message History

You hear some strange, mumbled words.
A bolt of magma appears from out of thin air!
The bolt of magma hits you!!
You climb upwards.
Reactivating autopickup.
There is a stone staircase leading down, spattered with blood here.
Okay, then.
You slash the two-headed ogre! You burn the two-headed ogre.
You kill the two-headed ogre!
Makhleb accepts your kill. You block the ogre's attack.
Something closely misses you.
You slash the two-headed ogre! You burn the two-headed ogre!
The two-headed ogre is heavily wounded.
The two-headed ogre is engulfed in blazing flames.
The two-headed ogre hits you but does no damage.
The two-headed ogre hits you with a +0 giant club!!
The ogre closely misses you.
You slash the two-headed ogre! You burn the two-headed ogre.
The two-headed ogre is almost dead.
You block something's attack.
Deactivating autopickup; reactivate with Ctrl-A.
The two-headed ogre is engulfed in blazing flames.
You kill the two-headed ogre!
Makhleb accepts your kill.
You barely miss the ogre. The ogre closely misses you.
You hear some strange, mumbled words.
You suddenly lose the ability to move!
The ogre barely misses you.
You hear some strange, mumbled words.
A bolt of magma appears from out of thin air!
The bolt of magma hits you!!
* * * LOW HITPOINT WARNING * * *
Something hits you!
* * * LOW HITPOINT WARNING * * *
The ogre hits you with a +0 giant club.
* * * LOW HITPOINT WARNING * * *
Something hits you!
* * * LOW HITPOINT WARNING * * *
The ogre hits you with a +0 giant club!
You die...

..........##..........#.###
...........#.....#...#....##
...##..##..#..#............#
..##.......................#
....#...#..........#......##
.....#.##..[........#.....##
....#.#.............##...#.##
...............[)[..........#
.............#.°@{.........##
........<......))O.......### ###
.......#.....#...°.......######.#
..##.................#....#.#....
...###.#.............#...#......#
#.###.......................#..##
#..#.................#.....#####
....#............#.####.....#
.......#.....∩......##.....##


You could see an ogre.

Vanquished Creatures
  2 ogre magi (Orc:1)
  Erica (Orc:1)
  6 two-headed ogres
  The ghost of LaMa the Frost Mage, a novice DrIE (D:7)
  The ghost of LaMa the Frost Mage, a novice DrIE of Makhleb (D:5)
  An orc sorcerer (Orc:1)
  An ugly thing (D:9)
  Joseph (D:8)
  3 ice devils (D:8)
  4 trolls
  Sigmund (D:2)
  2 vampires (D:9)
  A wyvern (D:9)
  A warg (Orc:1)
  2 orc warriors (Orc:1)
  A sky beast (D:7)
  4 ice beasts
  8 ogres
  3 centaurs
  A kobold brigand (D:5)
  2 bullfrogs
  A gnoll sergeant (D:9)
  2 scorpions
  A small abomination (D:5)
  5 killer bees (D:9)
  4 howler monkeys
  6 hounds
  2 jellies
  A gnoll bouda (D:5)
  3 orc priests
  3 iguanas
  Terence (D:2)
  8 orc wizards
  3 sleepcaps
  6 adders
  14 gnolls
  A shadow imp (D:6)
  10 ufetubi
  3 worms
  5 dart slugs
  11 orcs
  5 endoplasms
  A giant cockroach (D:3)
  7 goblins
  8 hobgoblins
  6 jackals
  6 quokkas
  10 ball pythons
  4 bats
  4 frilled lizards
  7 kobolds
  4 rats
199 creatures vanquished.

Notes
Turn   | Place    | Note
-------+----------+-------------------------------------------
     0 | D:1      | Graphine the Demonspawn Monk began the quest for the Orb.
     0 | D:1      | Reached XP level 1. HP: 18/18 MP: 1/1
   132 | D:1      | Gained mutation: You regenerate a little health from kills.
                  | [demonic ancestry]
   132 | D:1      | Reached XP level 2. HP: 24/24 MP: 2/2
   143 | D:1      | You fall into a shaft and drop 1 floor!
   164 | D:2      | Noticed Terence
   184 | D:2      | Killed Terence
   185 | D:2      | Reached skill level 1 in Invocations
   185 | D:2      | Gained mutation: You have a small tail. [demonic ancestry]
   185 | D:2      | Reached XP level 3. HP: 19/29 MP: 2/4
   721 | D:2      | Reached skill level 1 in Armour
   802 | D:2      | Identified the +6 hand axe of the Bear {drain, rC+ Dex+2
                  | SInv}
   819 | D:2      | Found an opulent altar of Gozag.
  1004 | D:2      | Noticed Sigmund
  1017 | D:2      | Killed Sigmund
  1018 | D:2      | Reached skill level 3 in Invocations
  1018 | D:2      | Gained mutation: You have a tail ending in a sharp stinger.
                  | [demonic ancestry]
  1018 | D:2      | Reached XP level 4. HP: 31/37 MP: 4/6
  1018 | D:2      | Reached XP level 5. HP: 36/42 MP: 4/7
  1103 | D:3      | Found an ancient bone altar of Kikubaaqudgha.
  1246 | D:3      | Gained mutation: Your demonic aura sometimes causes spilled
                  | blood to erupt in flames. [demonic ancestry]
  1246 | D:3      | Reached XP level 6. HP: 48/48 MP: 8/8
  2562 | D:4      | Identified a scroll of acquirement
  2562 | D:4      | Acquired the +2 buckler of the Hippo {Str+3 Int-3 Dex+3}
  2575 | D:5      | Entered Level 5 of the Dungeon
  2662 | D:5      | Reached skill level 4 in Invocations
  2662 | D:5      | Gained mutation: Your demonic aura often causes spilled
                  | blood to erupt in flames. [demonic ancestry]
  2662 | D:5      | Reached XP level 7. HP: 55/55 MP: 8/10
  2721 | D:5      | Found a transporter.
  2734 | D:5      | Found a transporter.
  2752 | D:5      | Reached skill level 1 in Shields
  2783 | D:5      | Found a one-way gate to the infinite horrors of the Abyss.
  2783 | D:5      | Noticed LaMa's ghost (novice DrIE)
  2819 | D:5      | Killed LaMa's ghost
  2820 | D:5      | Reached skill level 5 in Fighting
  2820 | D:5      | Reached skill level 5 in Invocations
  2820 | D:5      | Gained mutation: You are partially covered in large bone
                  | plates. (SH +4) [demonic ancestry]
  2820 | D:5      | Reached XP level 8. HP: 24/62 MP: 11/11
  3932 | D:6      | Noticed a troll
  3944 | D:6      | Killed a troll
  3945 | D:6      | Reached skill level 5 in Long Blades
  3945 | D:6      | Reached skill level 5 in Dodging
  4327 | D:6      | Reached skill level 6 in Invocations
  4456 | D:7      | Gained mutation: You regenerate health from kills. [demonic
                  | ancestry]
  4456 | D:7      | Reached XP level 9. HP: 69/69 MP: 13/13
  4893 | D:7      | Found a staircase to the Ecumenical Temple.
  4942 | Temple   | Entered the Ecumenical Temple
  4950 | Temple   | Became a worshipper of Makhleb the Destroyer
  4950 | Temple   | Reached * piety under Makhleb
  4950 | Temple   | Reached ** piety under Makhleb
  5316 | D:7      | Found a runed translucent door.
  5321 | D:7      | Noticed LaMa's ghost (novice DrIE)
  5775 | D:7      | Killed LaMa's ghost
  5776 | D:7      | Reached skill level 7 in Invocations
  5829 | D:8      | Noticed Joseph
  5836 | D:8      | Killed Joseph
  5869 | D:8      | Noticed an ice devil
  5873 | D:8      | Noticed an ice devil
  5880 | D:8      | Noticed an ice devil
  5882 | D:8      | Noticed an ice devil
  5889 | D:8      | Noticed an ice statue
  5902 | D:8      | Killed an ice devil
  6096 | D:8      | Reached skill level 8 in Invocations
  6096 | D:8      | Gained mutation: You have a sharp stinger which inflicts
                  | weakening toxins. [demonic ancestry]
  6096 | D:8      | Reached XP level 10. HP: 76/79 MP: 14/16
  6390 | D:9      | Found a staircase to the Orcish Mines.
  6460 | D:9      | Found a hazy altar of Hepliaklqana.
  6478 | D:9      | Noticed a brown ugly thing
  6492 | D:9      | Killed a brown ugly thing
  6493 | D:9      | Reached skill level 5 in Shields
  6962 | D:9      | Reached skill level 9 in Invocations
  7183 | Orc:1    | Entered Level 1 of the Orcish Mines
  7183 | Orc:1    | Found Giwisiff's Book Boutique.
  7260 | Orc:1    | Reached *** piety under Makhleb
  7396 | Orc:1    | Noticed an orc sorcerer
  7400 | Orc:1    | Noticed a rust devil
  7408 | Orc:1    | Noticed a rust devil
  7432 | Orc:1    | Noticed a rust devil
  7438 | Orc:1    | Killed an orc sorcerer
  7628 | Orc:1    | Noticed Erica
  7649 | Orc:1    | Killed Erica
  7650 | Orc:1    | Gained mutation: You are mostly covered in large bone
                  | plates. (SH +6) [demonic ancestry]
  7650 | Orc:1    | Reached XP level 11. HP: 58/87 MP: 18/18
  7842 | Orc:2    | Entered Level 2 of the Orcish Mines
  7843 | Orc:2    | Noticed an ogre mage
  7843 | Orc:2    | Noticed a two-headed ogre
  7844 | Orc:2    | Noticed an ogre mage
  7845 | Orc:2    | Noticed a two-headed ogre
  7848 | Orc:2    | Noticed an ogre mage
  7849 | Orc:2    | Reached skill level 10 in Invocations
  7849 | Orc:2    | Noticed an ogre mage
  7860 | Orc:1    | Killed a two-headed ogre
  7862 | Orc:2    | Noticed a two-headed ogre
  7863 | Orc:2    | Noticed a two-headed ogre
  7875 | Orc:1    | Killed a two-headed ogre
  7882 | Orc:2    | Noticed a two-headed ogre
  7883 | Orc:2    | Noticed a two-headed ogre
  7883 | Orc:2    | Noticed a two-headed ogre
  7887 | Orc:1    | Killed an ogre mage
  7889 | Orc:1    | Killed a two-headed ogre
  7893 | Orc:1    | Killed an ogre mage
  7897 | Orc:2    | Noticed a two-headed ogre
  7897 | Orc:2    | Noticed a two-headed ogre
  7902 | Orc:2    | Killed a two-headed ogre
  7902 | Orc:2    | Noticed a two-headed ogre
  7903 | Orc:2    | Reached skill level 11 in Invocations
  7903 | Orc:2    | Noticed a two-headed ogre
  7909 | Orc:1    | Killed a two-headed ogre
  7911 | Orc:1    | Killed a two-headed ogre
  7912 | Orc:1    | Paralysed by something for 5 turns
  7916 | Orc:1    | HP: 1/89 [something (15)]
  7916 | Orc:1    | Demolished by an ogre

Illustrated notes

Levels and vault maps discovered:
D:1:      psy_arrival_dodecagon, layout_loops_ring
D:2:      layout_rooms, basic_altar, uniq_terence, uniq_sigmund
D:3:      layout_basic, mainiacjoe_overflow_boulevard, elyvilon_altar_4,
          minmay_misc_feat_tower, minmay_surrounded
D:4:      layout_loops_ring, nrook_mini_vaults
D:5:      layout_basic, gammafunk_ghost_abyssal_escape, corexii_checkpoint_b
D:6:      layout_loops_ring
D:7:      layout_layer_cave, temple_statues, ebering_ghost_reflecting_pool,
          bh_walls_and_bars
D:8:      cheibrodos_frozen_isle, layout_rooms, uniq_joseph
D:9:      layout_irregular_city, nicolae_hepliaklqana_hippocampus, orc_0_dummy
Temple:   lightli_temple_of_artemis
Orc:1:    layout_caves, serial_shops, shop, guppyfry_library_mini, uniq_erica
Orc:2:    st_orc_ogre_mass, layout_caves, serial_shops,
          nicolae_shop_advertising_works [nicolae_subvault_shop_adworks],
          nicolae_shop_tiny_glass, shop, nicolae_shop_rolled_up, shop,
          nicolae_volcano_entry_two_sided, mines1_david

Skill      XL: |  1  2  3  4  5  6  7  8  9 10 11 |
---------------+----------------------------------+-----
Long Blades    | 3 4 5 6 7 8 |  8.5
Dodging        | 3 4 5 6 7 8 |  8.7
Invocations    | 1 3 4 5 6 8 9 11 | 11.3
Armour         | 1 2 3 4 |  4.0
Fighting       | 4 5 7 8 9 |  9.4
Shields        | 2 3 4 5 |  5.0

Action                     |  1- 3 |  4- 6 |  7- 9 | 10-12 || total
---------------------------+-------+-------+-------+-------++-------
  Melee: Falchion          |    90 |   110 |   290 |   126 ||   616
         Tailslap          |    11 |    17 |    49 |    29 ||   106
         Scimitar          |       |       |       |    38 ||    38
 Invoke: Minor Destruction |       |       |    52 |   126 ||   178
  Evoke: Wand              |       |     9 |       |    21 ||    30
    Use: Potion            |     2 |       |     3 |     1 ||     6
         Scroll            |     3 |     8 |     6 |     4 ||    21
   Stab: Sleeping          |       |       |     1 |       ||     1
         Invisible         |       |       |     6 |       ||     6
 Armour: Troll leather arm |    21 |    26 |    72 |    58 ||   177
         Robe              |     1 |       |       |       ||     1
  Dodge: Dodged            |    53 |    65 |   123 |   112 ||   353
  Block: Buckler           |       |     6 |   137 |   179 ||   322
         Reflection        |       |       |     6 |       ||     6
